 Dungeon Crawl Stone Soup version 0.27-a0-909-g0721f309d1 (webtiles) character file.

Game seed: 17891125189603766444

0 Anon1729 the Grasshopper (level 1, -1/12 HPs)
             Began as a Kobold Warper on Apr 8, 2021.
             Killed by Freeze
             ... generated by an endoplasm
              (5 damage)
             ... on level 1 of the Dungeon.
             The game lasted 00:00:52 (116 turns).

Anon1729 the Grasshopper (Kobold Warper)             Turns: 116, Time: 00:00:53

Health: -1/12      AC:  3    Str:  8    XL:     1   Next: 11%
Magic:  3/3        EV: 14    Int: 14    God:
Gold:   11         SH:  0    Dex: 14    Spells: 4/4 levels left

rFire    . . .     SeeInvis .   a - +0 short sword
rCold    . . .     Faith    .   (shield restricted)
rNeg     . . .     Spirit   .   b - +0 leather armour
rPois    .         Reflect  .   (no helmet)
rElec    .         Harm     .   (no cloak)
rCorr    .         Rampage  .   (no gloves)
Will     .....                  (no boots)
Stlth    +.........             (no amulet)
HPRegen  0.04/turn              (no ring)
MPRegen  0.08/turn              (no ring)

@: very slow
A: small, no large weapons, nightstalker 3
a: no special abilities


You were on level 1 of the Dungeon.
You visited 1 branch of the dungeon, and saw 1 of its levels.

You collected 11 gold pieces.

Inventory:

Hand Weapons
 a - a +0 short sword (weapon)
Missiles
 e - 5 boomerangs of dispersal (quivered)
Armour
 b - a +0 leather armour (worn)
Magical Staves
 c - a staff of fire
Scrolls
 d - a scroll of blinking


   Skills:
 + Level 2.2 Fighting
 + Level 2.7 Short Blades
 - Level 1.1 Throwing
 + Level 0.7 Armour
 + Level 2.4 Dodging
 + Level 2.2 Spellcasting
 + Level 3.0 Translocations


You had 4 spell levels left.
You didn't know any spells.
Your spell library contained the following spells:

 Spells                   Type           Power      Damage    Failure   Level
 Blink                    Tloc           N/A        N/A       14%         2
 Gell's Gravitas          Tloc           5%         N/A       28%         3
 Lesser Beckoning         Tloc           5%         N/A       28%         3
 Teleport Other           Tloc           10%        N/A       28%         3
 Manifold Assault         Tloc           10%        N/A       95%         5


Dungeon Overview and Level Annotations

Branches:
Dungeon (1/15)

Altars:


Innate Abilities, Weirdness & Mutations

You are small and have problems with some larger weapons.
You are completely attuned to the shadows.


Message History

You enter the shallow water.
Moving in this stuff is going to be slow.
You hit the plant but do no damage.
Your unstable footing causes you to fumble your attack.
Your unstable footing causes you to fumble your attack.
Your unstable footing causes you to fumble your attack.
Your unstable footing causes you to fumble your attack.
You hit the plant.
The plant begins to die.
The plant is lightly damaged.
You hit the plant but do no damage.
The plant is lightly damaged.
Your unstable footing causes you to fumble your attack.
You hit the plant.
The plant is lightly damaged.
A nearby plant withers and dies.
You enter the shallow water.
Moving in this stuff is going to be slow.
The helpless kobold fails to defend itself.
You puncture the kobold!
You kill the kobold!
Things that are here:
a +0 whip; 29 arrows An endoplasm comes into view.
The endoplasm quivers.
The endoplasm freezes you.
You are frozen.
You hit the endoplasm.
The endoplasm is heavily wounded.
The endoplasm freezes you.
You are frozen.
You hit the endoplasm.
The endoplasm is almost dead.
The endoplasm freezes you.
You are frozen.
* * * LOW HITPOINT WARNING * * *
You enter the shallow water.
Moving in this stuff is going to be slow.
The endoplasm freezes you.
You are frozen.
You die...

#....#
########....#
#..J........#
♣♣♣.♣♣♣♣♣.....#
♣<......♣#....#
♣.P.PPP.♣#..).#
♣.P≈≈≈P.♣#....#
♣.PJ8≈P.♣#....#
♣.P@≈≈P.♣#....#
♣.P.PPP.♣#....###
♣.......♣#......#
♣♣♣♣♣♣♣♣♣##...#.#
#####.# #.# #.#
#.# #.#


You could see an endoplasm.

Vanquished Creatures
  A kobold (D:1)
1 creature vanquished.

Vanquished Creatures (others)
  2 plants (D:1)
2 creatures vanquished.

Grand Total: 3 creatures vanquished

Notes
Turn   | Place    | Note
-------+----------+-------------------------------------------
     0 | D:1      | Anon1729 the Kobold Warper began the quest for the Orb.
     0 | D:1      | Reached XP level 1. HP: 12/12 MP: 3/3
   116 | D:1      | Killed from afar by an endoplasm

Illustrated notes

Levels and vault maps discovered:
D:1:      tarquinn_simple_flora_water_a, layout_basic

Action                   || total
-------------------------++-------
Melee: Short sword       ||    16
 Stab: Sleeping          ||     1

Table legend: (Time is in decaauts)
 A = Elapsed time spent in this place.
 B = Non-inter-level travel time spent in this place.
 C = Inter-level travel time spent in this place.
 D = Time resting spent in this place.
 E = Time spent auto-exploring this place.
 F = Levels seen in this place.
 G = Mean time per level.
                   A        B        C        D        E       F      G
               +--------+--------+--------+--------+--------+-----+--------+
         Total |    119 |    119 |      0 |      0 |     19 |   1 |  119.0 |
       Dungeon |    119 |    119 |      0 |      0 |     19 |   1 |  119.0 |
               +--------+--------+--------+--------+--------+-----+--------+

Top non-repeatable levels by time:
     D:1: 119 daAuts
